 Dungeon Crawl Stone Soup version 0.30-a0-937-ga0a21ad780 (webtiles) character file.

Game seed: 18029530450582522464

128 vineage the Trooper (level 5, 0/34 HPs)
             Began as a Gargoyle Fighter on Mar 24, 2023.
             Slain by Grinder (2 damage)
             ... on level 3 of the Dungeon.
             The game lasted 00:02:42 (1836 turns).

vineage the Trooper (Gargoyle Fighter)              Turns: 1836, Time: 00:02:42

Health: 0/34       AC: 11    Str: 22    XL:     5   Next: 12%
Magic:  5/5        EV:  9    Int: 10    God:
Gold:   97         SH:  5    Dex:  9    Spells: 4/4 levels left

rFire   . . .      SeeInvis .    l - +3 dagger of the Land of Plenty {freeze, rCorr Int+2}
rCold   . . .      Faith    .    c - +1 buckler
rNeg    + . .      Spirit   .    b - +0 scale mail
rPois   ∞          Reflect  .    (no helmet)
rElec   +          Rampage  .    (no cloak)
rCorr   +                        (no gloves)
Will    .....                    (no boots) Stlth
                                 (no amulet)
HPRegen 0.25/turn                (no ring)
MPRegen 0.09/turn                (no ring)

@: flying
A: sickness immunity, AC +4, negative energy resistance 1, electricity
resistance, torment resistance 1, petrification resistance
a: no special abilities


You were on level 3 of the Dungeon.
You visited 1 branch of the dungeon, and saw 3 of its levels.

You collected 97 gold pieces.

Inventory:

Hand Weapons
 a - a +0 flail
 l - the +3 dagger of the Land of Plenty (weapon) {freeze, rCorr Int+2}
   (You found it on level 2 of the Dungeon)

   Int:       It affects your intelligence (+2).
   rCorr:     It protects you from acid and corrosion.
Armour
 b - a +0 scale mail (worn)
 c - a +1 buckler (worn)
Jewellery
 n - a ring of flight
Scrolls
 e - 2 scrolls of enchant armour
 j - a scroll of amnesia {unknown}
 k - a scroll of poison {unknown}
 m - a scroll of identify
 o - 2 scrolls of noise {unknown}
Potions
 g - a potion of attraction
 h - 3 potions of flight


   Skills:
 * Level 4.6 Fighting
 - Level 3.0 Maces & Flails
 + Level 4.0 Armour
 + Level 4.0 Shields


You had 4 spell levels left.
You didn't know any spells.
Your spell library was empty.

Dungeon Overview and Level Annotations

Branches:
Dungeon (3/15)

Altars:
Cheibriados
Hepliaklqana

Shops:
D:1 ?

Annotations:
D:3 Grinder


Innate Abilities, Weirdness & Mutations

You are immune to sickness and miasma.
Your stone body is resilient. (AC +4)
You are immune to poison.
You resist negative energy. (rN+)
You are resistant to electric shocks. (rElec)
You are resistant to unholy torment.
You are immune to petrification.


Message History

Grinder gestures at you.
You barely resist. Grinder gestures at you.
You suddenly lose the ability to move!
Grinder hits you.
* * * LOW HITPOINT WARNING * * *
You writhe in agony.
* * * LOW HITPOINT WARNING * * *
Grinder hits you.
* * * LOW HITPOINT WARNING * * *
You writhe in agony.
* * * LOW HITPOINT WARNING * * *
Grinder hits you but does no damage. Grinder gestures at you.
You shrug off the repeated paralysis!
You can move again.
You barely miss Grinder.
Grinder is heavily wounded.
Grinder barely misses you.
You hit Grinder.
Grinder is heavily wounded.
Grinder hits you but does no damage. Grinder barely misses you.
You closely miss Grinder.
Grinder is heavily wounded.
Grinder barely misses you.
You hit Grinder.
Grinder is heavily wounded.
Grinder barely misses you.
You barely miss Grinder.
Grinder is heavily wounded.
Grinder barely misses you.
You hit Grinder.
Grinder is severely wounded.
You block Grinder's attack.
You hit Grinder but do no damage.
Grinder is severely wounded.
Grinder hits you.
* * * LOW HITPOINT WARNING * * *
You writhe in agony.
You die...

#.# ... ######.# ...#.#.#
.....#.##############
.....#.#............#
.....#.#............#
.#.....<.........5..#
.#.#.#.#........@...#
...#.#.#............# #####
.###.#.#............# #...#
.....#.#....####'#### #...##
..#.##.#.#######.######....##
....#.......................#####
................(...............
..>..... ..######.............#
....##<# #.............#


You could see Grinder.

Vanquished Creatures
  Terence (D:2)
  4 adders
  2 worms (D:2)
  2 dart slugs
  6 endoplasms
  A goblin (D:1)
  7 hobgoblins
  4 jackals (D:1)
  3 quokkas
  4 ball pythons
  3 bats
  7 frilled lizards (D:1)
  6 kobolds
  5 rats
55 creatures vanquished.

Vanquished Creatures (others)
  3 plants (D:1)
3 creatures vanquished.

Grand Total: 58 creatures vanquished

Notes
Turn   | Place    | Note
-------+----------+-------------------------------------------
     0 | D:1      | vineage the Gargoyle Fighter began the quest for the Orb.
     0 | D:1      | Reached XP level 1. HP: 14/14 MP: 1/1
   174 | D:1      | Reached XP level 2. HP: 19/19 MP: 2/2
   409 | D:1      | Reached XP level 3. HP: 24/24 MP: 3/3
   456 | D:1      | Found Rodaoss's Magic Scroll Emporium.
   965 | D:2      | Reached XP level 4. HP: 14/29 MP: 4/4
   969 | D:2      | Identified the +3 dagger of the Land of Plenty {freeze,
                  | rCorr Int+2}
  1074 | D:2      | Noticed Terence
  1109 | D:2      | Killed Terence
  1173 | D:2      | Found a faded altar of an unknown god.
  1493 | D:3      | Found a hazy altar of Hepliaklqana.
  1551 | D:3      | Reached XP level 5. HP: 34/34 MP: 5/5
  1573 | D:3      | Found a snail-covered altar of Cheibriados.
  1793 | D:3      | Noticed Grinder
  1819 | D:3      | Paralysed by Grinder for 3 turns
  1825 | D:3      | Paralysed by Grinder for 5 turns
  1836 | D:3      | Slain by Grinder

Illustrated notes

Levels and vault maps discovered:
D:1:      minmay_arrival_floating_metal, layout_loops_ring, serial_shops,
          nicolae_square_shop, minmay_lizard_king
D:2:      layout_rooms, basic_ecumenical_altar, uniq_terence
D:3:      layout_basic, mainiacjoe_overflow_tiny_flanked,
          mainiacjoe_overflow_chevrons, kennysheep_generic_room_3, uniq_grinder

Skill      XL: |  1  2  3  4  5 |
---------------+----------------+-----
Fighting       | 4 |  4.6
Maces & Flails | 3 |  3.0
Shields        | 4 |  4.0
Armour         | 4 |  4.0

Action                     |  1- 3 |  4- 6 || total
---------------------------+-------+-------++-------
  Melee: Flail             |   113 |       ||   113
         Dagger            |       |   107 ||   107
    Use: Scroll            |       |     7 ||     7
         Potion            |       |     5 ||     5
 Armour: Scale mail        |    80 |    48 ||   128
  Dodge: Dodged            |    66 |    43 ||   109
  Block: Buckler           |    29 |    19 ||    48

Table legend: (Time is in decaauts)
 A = Elapsed time spent in this place.
 B = Non-inter-level travel time spent in this place.
 C = Inter-level travel time spent in this place.
 D = Time resting spent in this place.
 E = Time spent auto-exploring this place.
 F = Levels seen in this place.
 G = Mean time per level.
                   A        B        C        D        E       F      G
               +--------+--------+--------+--------+--------+-----+--------+
         Total |   1894 |   1837 |     57 |     28 |   1353 |   3 |  631.3 |
       Dungeon |   1894 |   1837 |     57 |     28 |   1353 |   3 |  631.3 |
               +--------+--------+--------+--------+--------+-----+--------+

Top non-repeatable levels by time:
     D:1: 904 daAuts
     D:2: 616 daAuts
     D:3: 373 daAuts
